[Event "Titled Tuesday Blitz July 6 2021"]
[White "Tanenbaum, Zachary"]
[Black "Garcia Blanco, Omar"]
[WhiteFideId "2060850"]
[BlackFideId "2287153"]
[WhiteElo "2165"]
[BlackElo "2273"]
[Result "0-1"]
[Round "09"]
[TimeControl "180+1"]
[Date "2021.07.06"]
[WhiteClock "0:00:36"]
[BlackClock "0:00:34"]

1. e4 c6 2. d4 d5 3. exd5 cxd5 4. Bd3 g6 5. c3 Bg7 6. Nf3 Nf6 7. O-O O-O 8. Bf4 Nc6 9. Nbd2 Nh5 10. Be5 f6 11. Bg3 Nxg3 12. hxg3 e5 13. dxe5 fxe5 14. c4 e4 15. cxd5 exd3 16. dxc6 bxc6 17. Nc4 Be6 18. Nfd2 Kh8 19. Re1 Bd5 20. Rc1 Qf6 21. Rf1 Rad8 22. b3 Rde8 23. Ne3 Bg8 24. Ne4 Qd4 25. Nc5 Rxe3 26. Qd2 Rxg3 27. Kh2 Qh4+ 28. Kg1 Rxg2+ 29. Kxg2 Qg4+ 30. Kh2 Rf3 31. Qxd3 Be5+ 32. Kh1 Qh3+ 33. Kg1 Qh2# 0-1


[Site "https://www.chess.com"]

[Event "Titled Tuesday Blitz July 6 2021"]
[White "Tejedor Fuente, Enrique"]
[Black "Obolentseva, Alexandra"]
[WhiteFideId "2299100"]
[BlackFideId "24153648"]
[WhiteElo "2535"]
[BlackElo "2113"]
[Result "1-0"]
[Round "09"]
[TimeControl "180+1"]
[Date "2021.07.06"]
[WhiteClock "0:00:52"]
[BlackClock "0:00:40"]

1. e4 c5 2. Nc3 Nc6 3. Bb5 d6 4. d4 cxd4 5. Qxd4 Bd7 6. Bxc6 Bxc6 7. Nf3 Nf6 8. Bg5 e6 9. O-O-O Be7 10. Rhe1 O-O 11. Kb1 Qa5 12. Qd2 Qa6 13. h4 Rac8 14. h5 h6 15. Bxh6 gxh6 16. Qxh6 Qa5 17. e5 Ng4 18. Qf4 f5 19. exf6 Nxf6 20. Rxe6 Rf7 21. Rxe7 Rxe7 22. Qxf6 Rf7 23. Qg6+ Kf8 24. Ng5 Rxf2 25. Qxd6+ Kg7 26. Qg6+ Kf8 27. Nh7+ Ke7 28. Qg7+ Ke6 29. Ng5+ Kf5 30. g4+ Kf4 31. Nh3+ Kg3 32. Nxf2 Bf3 33. Nfe4+ Kg2 34. Qd4 Bxd1 35. Qf2+ Kh1 36. Ng3# 1-0


[Site "https://www.chess.com"]

[Event "Titled Tuesday Blitz July 6 2021"]
[White "Terletsky, Oleg"]
[Black "Vlachos, Anatole"]
[WhiteFideId "14116774"]
[BlackFideId "26093189"]
[WhiteElo "2094"]
[BlackElo "2350"]
[Result "0-1"]
[Round "09"]
[TimeControl "180+1"]
[Date "2021.07.06"]
[WhiteClock "0:00:02"]
[BlackClock "0:00:12"]

1. e4 g6 2. d4 Bg7 3. Nc3 a6 4. f4 b5 5. Nf3 Bb7 6. Bd3 d6 7. O-O c5 8. dxc5 dxc5 9. e5 Qc7 10. Be4 Bxe4 11. Nxe4 Nd7 12. Re1 Nh6 13. Nd6+ Kf8 14. Nxf7 Nxf7 15. e6 Nd6 16. exd7 Qxd7 17. Ng5 Bf6 18. Qd5 Bxg5 19. Qxa8+ Kg7 20. Qd5 Bf6 21. c3 Qc7 22. Be3 Rc8 23. g4 Kh8 24. Rad1 Qd7 25. Qf3 Bg7 26. Bf2 Qc7 27. Bg3 Nc4 28. b3 Nd6 29. Qe3 Bf6 30. h3 c4 31. b4 a5 32. a3 Ra8 33. Re2 Qa7 34. Qxa7 Rxa7 35. Bf2 Ra6 36. Bd4 Kg7 37. g5 Bxd4+ 38. Rxd4 axb4 39. axb4 Nf5 40. Rd5 Ra3 0-1


[Site "https://www.chess.com"]

[Event "Titled Tuesday Blitz July 6 2021"]
[White "Timmermans, Mark"]
[Black "Ozates, Tuna"]
[WhiteFideId "1026399"]
[BlackFideId "6354521"]
[WhiteElo "2460"]
[BlackElo "1872"]
[Result "1-0"]
[Round "09"]
[TimeControl "180+1"]
[Date "2021.07.06"]
[WhiteClock "0:02:11"]
[BlackClock "0:00:54"]

1. b4 Nf6 2. Bb2 e6 3. b5 Be7 4. a4 O-O 5. e3 a6 6. c4 axb5 7. axb5 Rxa1 8. Bxa1 b6 9. Nf3 Bb7 10. Be2 d5 11. O-O dxc4 12. Bxc4 c6 13. Nc3 Nbd7 14. d4 c5 15. Be2 cxd4 16. Nxd4 Qa8 17. Bf3 Ne5 18. Bxb7 Qxb7 19. h3 Rd8 20. Qe2 Bc5 21. Na4 Ne4 22. Nxe6 1-0


[Site "https://www.chess.com"]

[Event "Titled Tuesday Blitz July 6 2021"]
[White "Tokman, Ariel"]
[Black "Dovbnia, Nikita"]
[WhiteFideId "117420"]
[BlackFideId "54104599"]
[WhiteElo "2345"]
[BlackElo "2121"]
[Result "0-1"]
[Round "09"]
[TimeControl "180+1"]
[Date "2021.07.06"]
[WhiteClock "0:00:01"]
[BlackClock "0:00:02"]

1. d4 d5 2. Bf4 Nf6 3. e3 c5 4. Nd2 Nc6 5. Ngf3 Qb6 6. dxc5 Qxb2 7. Rb1 Qc3 8. Bb5 e6 9. O-O Be7 10. Ne5 Bd7 11. Nxd7 Nxd7 12. e4 d4 13. Nc4 d3 14. cxd3 Nxc5 15. Nd6+ Bxd6 16. Bxd6 Nd7 17. Qg4 h5 18. Qg3 h4 19. Qg4 a6 20. Rfc1 Qd4 21. Bxc6 bxc6 22. Ba3 c5 23. Rb7 Ne5 24. Qe2 Nxd3 25. Rd1 c4 26. Rc7 Nf4 27. Re7+ Kd8 0-1


[Site "https://www.chess.com"]

[Event "Titled Tuesday Blitz July 6 2021"]
[White "Tristan, Leonardo"]
[Black "Naroditsky, Daniel"]
[WhiteFideId "113816"]
[BlackFideId "2026961"]
[WhiteElo "2404"]
[BlackElo "2608"]
[Result "0-1"]
[Round "09"]
[TimeControl "180+1"]
[Date "2021.07.06"]
[WhiteClock "0:00:06"]
[BlackClock "0:00:57"]

1. d4 Nf6 2. Bg5 Ne4 3. Bf4 Nc6 4. Nd2 Nxd2 5. Qxd2 d5 6. e3 a6 7. Nf3 Bf5 8. Be2 e6 9. O-O Bd6 10. Bg3 O-O 11. c4 Ne7 12. c5 Bxg3 13. hxg3 Ng6 14. b4 Be4 15. a4 h5 16. Bd3 Qf6 17. Qc2 Bxf3 18. gxf3 e5 19. Bxg6 fxg6 20. dxe5 Qxe5 21. Qxg6 Rf6 22. f4 Qxa1 23. Qxh5 Qa2 24. g4 Rh6 25. Qe5 Qc4 26. g5 Rh1+ 27. Kxh1 Qxf1+ 28. Kh2 Qxf2+ 29. Kh3 Qf3+ 30. Kh4 Qe4 31. Qxc7 Rf8 32. Qxb7 Qxe3 33. Qxd5+ Kh8 34. f5 Qf4+ 35. Kh5 Rxf5 36. Qg2 Kh7 37. Qg4 g6+ 38. Kh4 Qh2+ 39. Qh3 Rf4# 0-1


[Site "https://www.chess.com"]

[Event "Titled Tuesday Blitz July 6 2021"]
[White "Vignesh, N R"]
[Black "Andreikin, Dmitry"]
[WhiteFideId "25012215"]
[BlackFideId "4158814"]
[WhiteElo "2401"]
[BlackElo "2782"]
[Result "0-1"]
[Round "09"]
[TimeControl "180+1"]
[Date "2021.07.06"]
[WhiteClock "0:00:42"]
[BlackClock "0:01:36"]

1. d4 d5 2. c4 dxc4 3. Nf3 Nf6 4. e3 e6 5. Bxc4 c5 6. O-O a6 7. dxc5 Bxc5 8. Qxd8+ Kxd8 9. Ne5 Ke7 10. Nd2 Nbd7 11. Nxd7 Bxd7 12. Nb3 Bd6 13. Bd2 Rhc8 14. Rfc1 Be5 15. Bc3 Bxc3 16. Rxc3 b5 17. Bd3 Rxc3 18. bxc3 Rc8 19. Rc1 Nd5 20. c4 Nb4 21. Bf1 Nxa2 22. Ra1 bxc4 23. Na5 c3 24. Nb3 c2 25. Nc1 Nxc1 26. Rxc1 Ba4 27. Bxa6 Rd8 0-1


[Site "https://www.chess.com"]

[Event "Titled Tuesday Blitz July 6 2021"]
[White "Vivas Zamora, Fabian Ernesto"]
[Black "Levitskiy, Andrey"]
[WhiteFideId "3902480"]
[BlackFideId "14132885"]
[WhiteElo "1966"]
[BlackElo "2323"]
[Result "0-1"]
[Round "09"]
[TimeControl "180+1"]
[Date "2021.07.06"]
[WhiteClock "0:00:20"]
[BlackClock "0:00:52"]

1. c4 c5 2. Nf3 g6 3. d4 cxd4 4. Nxd4 Nc6 5. Nc2 Nf6 6. Nc3 Bg7 7. e4 d6 8. Be2 O-O 9. O-O Be6 10. Bd2 Nd7 11. Rb1 a5 12. b3 Nc5 13. f3 f5 14. exf5 Bxf5 15. Nd5 Nd4 16. Nde3 Nxe2+ 17. Qxe2 Bd3 18. Qf2 Ne4 19. Qe1 Bxf1 20. Nxf1 Nxd2 21. Qxd2 a4 22. Qd5+ Kh8 23. Qxb7 axb3 24. axb3 Ra2 25. Nce3 e6 26. Qe4 Qg5 27. Rd1 Be5 28. Ng4 Rf4 29. Nxe5 Qxg2# 0-1


[Site "https://www.chess.com"]

[Event "Titled Tuesday Blitz July 6 2021"]
[White "Vogel, Roven"]
[Black "Quparadze, Giga"]
[WhiteFideId "12908088"]
[BlackFideId "13602250"]
[WhiteElo "2516"]
[BlackElo "2658"]
[Result "1-0"]
[Round "09"]
[TimeControl "180+1"]
[Date "2021.07.06"]
[WhiteClock "0:01:03"]
[BlackClock "0:01:11"]

1. d4 Nf6 2. c4 e6 3. Nf3 b6 4. a3 c6 5. Nc3 d5 6. cxd5 cxd5 7. Bf4 a6 8. e3 Bb7 9. Bd3 Nbd7 10. O-O b5 11. Bxb5 axb5 12. Nxb5 Rc8 13. Rc1 Be7 14. Bc7 Rxc7 15. Nxc7+ Kf8 16. Qb3 Bc8 17. Ng5 Kg8 18. Rc6 Nf8 19. Rfc1 h6 20. Nf3 Kh7 21. Ne5 Kg8 22. Nxd5 Bd7 23. Nxe7+ Qxe7 24. Rc7 Kh7 25. a4 Nd5 26. Rb7 Bxa4 27. Qd3+ f5 28. Rxe7 Nxe7 29. Qa3 1-0


[Site "https://www.chess.com"]

[Event "Titled Tuesday Blitz July 6 2021"]
[White "Vovk, Orest"]
[Black "Weetik, Vjacheslav"]
[WhiteFideId "14113490"]
[BlackFideId "4153472"]
[WhiteElo "2203"]
[BlackElo "2469"]
[Result "1-0"]
[Round "09"]
[TimeControl "180+1"]
[Date "2021.07.06"]
[WhiteClock "0:00:18"]
[BlackClock "0:00:12"]

1. g4 d5 2. h3 e5 3. Bg2 c6 4. d4 Bd6 5. c4 dxc4 6. dxe5 Bxe5 7. Qxd8+ Kxd8 8. Nf3 Bc7 9. Na3 Be6 10. Ng5 Ba5+ 11. Bd2 Bxd2+ 12. Kxd2 Ke7 13. Nxe6 fxe6 14. Nxc4 Na6 15. Kc3 Nf6 16. e4 g5 17. h4 Nc5 18. f3 h6 19. Ne5 Rhg8 20. hxg5 Rxg5 21. f4 Rxe5 22. fxe5 Nxg4 23. Rh4 Nxe5 24. Rxh6 Rg8 25. Rh7+ Kd6 26. Rd1+ Ncd3 27. Bf1 Rg3 28. Bxd3 c5 29. Kc2 Kc6 30. Rh6 c4 31. Rxe6+ Kc7 32. Rxe5 1-0


[Site "https://www.chess.com"]

[Event "Titled Tuesday Blitz July 6 2021"]
[White "Vyatkin, Dmitry"]
[Black "Juhasz, Agoston"]
[WhiteFideId "4171900"]
[BlackFideId "778346"]
[WhiteElo "2279"]
[BlackElo "2211"]
[Result "1/2-1/2"]
[Round "09"]
[TimeControl "180+1"]
[Date "2021.07.06"]
[WhiteClock "0:00:07"]
[BlackClock "0:00:08"]

1. d4 Nf6 2. c4 d6 3. Nc3 g6 4. g3 Bg7 5. Bg2 O-O 6. Nf3 c5 7. d5 e6 8. O-O exd5 9. cxd5 Re8 10. Ng5 a6 11. a4 Nbd7 12. f4 Rb8 13. e4 b5 14. axb5 axb5 15. e5 dxe5 16. d6 exf4 17. Bxf4 Nh5 18. Nxf7 Qf6 19. Ng5 Nxf4 20. Bd5+ Kh8 21. Nf7+ Kg8 22. Rxf4 Qxf4 23. gxf4 Bd4+ 24. Kh1 Nf6 25. d7 Bxd7 26. Nd6+ Nxd5 27. Nxe8 Bc6 28. Qf3 Rxe8 29. Nxd5 Kh8 30. Ra6 Re1+ 31. Kg2 Rg1+ 32. Kh3 Bd7+ 33. Kh4 Bf2+ 34. Qxf2 Rg4+ 35. Kh3 Rg5+ 36. f5 Bxf5+ 37. Qxf5 Rxf5 38. Nc7 Rf3+ 39. Kg2 Rb3 40. Rb6 c4 41. Rxb5 Rd3 42. Kf2 Rd2+ 43. Kg3 Kg7 44. Ne6+ Kf6 45. Nf4 g5 46. Ng2 Rd3+ 47. Kf2 Rd2+ 48. Kf3 Rd3+ 49. Ne3 h5 50. Rb4 g4+ 51. Ke4 Rd2 52. Rb6+ Kg5 53. Rb5+ Kh4 54. Nxc4 Rxh2 55. Ne3 g3 56. Rb8 Re2 57. b4 Re1 58. Rg8 Kh3 59. Kf3 h4 60. b5 Rb1 61. Rg5 Rb2 62. Rf5 Rf2+ 63. Ke4 Rxf5 64. Kxf5 g2 65. Nxg2 Kxg2 66. b6 h3 67. b7 h2 68. b8=Q h1=Q 69. Qa8+ Kg1 70. Qxh1+ Kxh1 1/2-1/2


[Site "https://www.chess.com"]

[Event "Titled Tuesday Blitz July 6 2021"]
[White "Zhigalko, Sergei"]
[Black "Siva Mahadevan"]
[WhiteFideId "13502956"]
[BlackFideId "25043153"]
[WhiteElo "2662"]
[BlackElo "2203"]
[Result "1-0"]
[Round "09"]
[TimeControl "180+1"]
[Date "2021.07.06"]
[WhiteClock "0:00:02"]
[BlackClock "0:00:07"]

1. e4 c5 2. Nf3 d6 3. d4 cxd4 4. Qxd4 Nc6 5. Bb5 Bd7 6. Bxc6 Bxc6 7. Nc3 h6 8. Qd3 e5 9. Nd2 Nf6 10. Nc4 Be7 11. Ne3 O-O 12. O-O Re8 13. Nf5 Bf8 14. Rd1 Qd7 15. Qg3 Kh7 16. f3 d5 17. Qh4 Qe6 18. exd5 Qxf5 19. dxc6 bxc6 20. Ne4 Nd5 21. c4 Nb6 22. b3 Qg6 23. Be3 f5 24. Nf2 Be7 25. Qh3 Rad8 26. Re1 Bf6 27. Rad1 Kg8 28. Kh1 Nc8 29. Kg1 a5 30. Bc5 Kh7 31. Nd3 Nd6 32. Bb6 Ra8 33. Bc7 Nf7 34. Bb6 a4 35. b4 a3 36. Be3 Rad8 37. Qg3 Bg5 38. Bxg5 hxg5 39. Nc5 Qf6 40. Qf2 Kg8 41. h3 Nd6 42. Qe2 Qf7 43. Rc1 Nc8 44. Red1 Nb6 45. Rxd8 Rxd8 46. Qxe5 Nxc4 47. Qe2 Nb6 48. Rc3 Nd5 49. Rxa3 Nxb4 50. Re3 Nd5 51. Re5 Qa7 52. Qc4 g6 53. Kh1 Rb8 54. Re1 Rb4 55. Qc2 Rb5 56. Ne6 Qa5 57. Rd1 Qb6 58. Rc1 Rb2 59. Qxc6 Qxc6 60. Rxc6 Ne3 61. Nxg5 Kg7 62. Ne6+ Kh6 63. Nf4 Kg5 64. g3 Rxa2 65. Rxg6# 1-0


[Site "https://www.chess.com"]

[Event "Titled Tuesday Blitz July 6 2021"]
[White "Zubov, Alexander"]
[Black "Kamsky, Gata"]
[WhiteFideId "14109409"]
[BlackFideId "2000024"]
[WhiteElo "2740"]
[BlackElo "2644"]
[Result "1-0"]
[Round "09"]
[TimeControl "180+1"]
[Date "2021.07.06"]
[WhiteClock "0:00:07"]
[BlackClock "0:00:05"]

1. d4 d5 2. c4 c6 3. Nf3 Nf6 4. Qb3 g6 5. Bf4 Bg7 6. e3 O-O 7. Nc3 dxc4 8. Bxc4 Nbd7 9. O-O Nb6 10. Be2 Be6 11. Qc2 Bc4 12. e4 Bxe2 13. Qxe2 Qd7 14. h3 Rfd8 15. Rad1 Qe6 16. b3 Nh5 17. Be3 Nf6 18. Ng5 Qc8 19. Qc2 Ne8 20. a4 Nd7 21. a5 Nf8 22. b4 Ne6 23. Nf3 Nd6 24. Rfe1 Nc4 25. Bc1 Nc7 26. Ne2 Nd6 27. Ng3 Ndb5 28. Be3 Rd7 29. Rd3 Qe8 30. Red1 Rad8 31. h4 Na6 32. Qc4 Nd6 33. Qb3 Nb5 34. h5 e6 35. Bg5 f6 36. Be3 Qf7 37. e5 Rd5 38. h6 Bf8 39. Ne4 Be7 40. exf6 Bxf6 41. Ne5 Bxe5 42. dxe5 Nxb4 43. Nf6+ Kh8 44. Nxd5 Nxd5 45. Bg5 Rf8 46. Rf3 Qe8 47. Bf6+ Kg8 48. a6 bxa6 49. Ra1 Qc8 50. Qc4 Qb7 51. Qg4 Nbc7 52. Bg7 Rf5 53. Rxf5 exf5 54. Qc4 Qb6 55. e6 Nxe6 56. Re1 Kf7 57. Qe2 c5 58. Qe5 Qc6 59. Rd1 Nd4 60. Qb8 Ne7 61. Bxd4 cxd4 62. Qe5 Qd5 63. Qg7+ Ke6 64. Re1+ 1-0


[Site "https://www.chess.com"]

[Event "Titled Tuesday Blitz July 6 2021"]
[White "deribas12345"]
[Black "Altman, Joshua"]
[BlackFideId "426210"]
[WhiteElo "2524"]
[BlackElo "1945"]
[Result "1-0"]
[Round "09"]
[TimeControl "180+1"]
[Date "2021.07.06"]
[WhiteClock "0:00:16"]
[BlackClock "0:00:11"]

1. d4 e6 2. c4 Nf6 3. Nc3 Bb4 4. f3 d5 5. a3 Bxc3+ 6. bxc3 O-O 7. e3 b6 8. cxd5 exd5 9. Ra2 Bb7 10. Bd3 c5 11. g4 Re8 12. h4 Nc6 13. Ne2 Rc8 14. O-O Nd7 15. h5 h6 16. Nf4 Nf8 17. dxc5 bxc5 18. Nxd5 Ne5 19. Be4 Ba6 20. Re1 Ne6 21. f4 Nc4 22. Rg2 Nc7 23. Nxc7 Qxc7 24. Bb1 Bb7 25. Rg3 Rcd8 26. Qa4 Nb6 27. Qb3 c4 28. Qb5 a6 29. Qf5 Kf8 30. g5 Qc6 31. e4 Nd5 32. Qh7 Qc5+ 33. Be3 Nxe3 34. Rgxe3 Bxe4 35. Bxe4 1-0


[Site "https://www.chess.com"]

[Event "Titled Tuesday Blitz July 6 2021"]
[White "Abdurakhmonov, Mukhammadali"]
[Black "Vignesh, N R"]
[WhiteFideId "14207346"]
[BlackFideId "25012215"]
[WhiteElo "2266"]
[BlackElo "2401"]
[Result "1/2-1/2"]
[Round "10"]
[TimeControl "180+1"]
[Date "2021.07.06"]
[WhiteClock "0:00:06"]
[BlackClock "0:00:17"]

1. e4 c5 2. Nc3 d6 3. Nf3 Nc6 4. d4 cxd4 5. Nxd4 Nf6 6. Bc4 Bd7 7. a3 Rc8 8. Ba2 e6 9. O-O a6 10. Be3 Be7 11. f4 O-O 12. Kh1 b5 13. f5 Nxd4 14. Qxd4 Qc7 15. Bg5 Qb7 16. Rad1 Rc5 17. Bxf6 gxf6 18. Rd3 Kh8 19. Rg3 Qc8 20. Rff3 Re5 21. Qd2 Rg8 22. Qh6 Rxg3 23. Rxg3 Qf8 24. Qh5 Bc6 25. Qg4 exf5 26. Qf4 fxe4 27. Ne2 d5 28. Nd4 Bd7 29. h3 h6 30. c3 Be6 31. Qh4 Rg5 32. Qf4 Rxg3 33. Qxg3 Bd6 34. Qh4 Qg7 35. Bxd5 Bxd5 36. Nf5 Qg5 37. Qxg5 fxg5 38. Nxd6 Kg7 39. Nf5+ Kf6 40. Nxh6 Ke5 41. Kg1 e3 42. Ng4+ Ke4 43. Kf1 Kd3 44. Ke1 Bxg2 45. Ne5+ Ke4 46. Nxf7 Bxh3 47. Nxg5+ Kd3 48. Nxh3 Kc2 49. b4 Kxc3 50. Nf4 Kb3 51. Ke2 Kxa3 52. Nd5 Ka4 53. Kxe3 a5 54. bxa5 Kxa5 55. Kd4 b4 56. Kc4 b3 57. Kxb3 1/2-1/2


[Site "https://www.chess.com"]

[Event "Titled Tuesday Blitz July 6 2021"]
[White "Ahmad, Al Khatib"]
[Black "Markidis, Konstantinos"]
[WhiteFideId "8103178"]
[BlackFideId "4203500"]
[WhiteElo "2151"]
[BlackElo "2304"]
[Result "1-0"]
[Round "10"]
[TimeControl "180+1"]
[Date "2021.07.06"]
[WhiteClock "0:00:36"]
[BlackClock "0:00:40"]

1. e4 e6 2. Nc3 d5 3. Nf3 Nf6 4. e5 Nfd7 5. d4 c5 6. dxc5 Nc6 7. Bf4 Be7 8. Bd3 Nxc5 9. O-O g5 10. Bg3 h5 11. h3 Qb6 12. Nb5 Ne4 13. Bxe4 dxe4 14. Nfd4 Nxd4 15. Nxd4 Bd7 16. c3 O-O-O 17. Qe2 Bc5 18. Qxe4 Bxd4 19. Qxd4 Qxd4 20. cxd4 Bc6 21. Rfd1 h4 22. Bh2 Rd5 23. Rd2 Rg8 24. f3 Rgd8 25. Rad1 Ra5 26. b3 Bd5 27. Kf1 Kd7 28. Rc1 Rc8 29. Rxc8 Kxc8 30. Bg1 Ra6 31. Be3 Rc6 32. Bxg5 Rc1+ 33. Kf2 Bc6 34. Bxh4 Bb5 35. Bf6 Kd7 36. h4 Rh1 37. d5 exd5 38. Rxd5+ Kc6 39. Rd6+ Kc5 40. Be7 Bc6 41. Rd1+ 1-0


[Site "https://www.chess.com"]

[Event "Titled Tuesday Blitz July 6 2021"]
[White "Alavi, Sayed Javad"]
[Black "Kotsur, Pavel"]
[WhiteFideId "12500607"]
[BlackFideId "13700278"]
[WhiteElo "2495"]
[BlackElo "2521"]
[Result "1/2-1/2"]
[Round "10"]
[TimeControl "180+1"]
[Date "2021.07.06"]
[WhiteClock "0:00:04"]
[BlackClock "0:00:09"]

1. Nf3 c5 2. e4 d6 3. d4 cxd4 4. Nxd4 Nf6 5. Nc3 a6 6. Be3 e5 7. Nf3 Be7 8. Bc4 O-O 9. O-O Be6 10. Bb3 Nc6 11. Qe2 Qc7 12. Rfd1 Na5 13. Bg5 Nxb3 14. cxb3 Ne8 15. Be3 b5 16. Rac1 Qb7 17. Ng5 Nf6 18. Nxe6 fxe6 19. Bg5 h6 20. Bxf6 Rxf6 21. Rd3 Rc8 22. Rcd1 Rc6 23. h4 Rf4 24. g3 Rf8 25. Qg4 Rf6 26. Qe2 Qc8 27. Kg2 Rg6 28. R3d2 Rf6 29. Rd3 Qd7 30. R1d2 Bd8 31. Nd1 Bb6 32. Ne3 Bd4 33. Ng4 Rf8 34. f4 Rfc8 35. fxe5 Bc5 36. a3 h5 37. b4 Bxb4 38. axb4 hxg4 39. Rxd6 Qf7 40. Qxg4 Rc2 41. Qe2 Rxd2 42. Rxd2 Rc4 43. Rd8+ Kh7 44. Rd6 Rxb4 45. Rd3 Qg6 46. Re3 Rd4 47. Qf3 a5 48. Kh3 a4 49. g4 Rd7 50. Rd3 Rf7 51. Qe3 Qh6 52. Qxh6+ Kxh6 53. Kg3 b4 54. Rd6 Ra7 55. Rxe6+ g6 56. Rb6 a3 57. bxa3 bxa3 58. Rb1 a2 59. Ra1 Kg7 60. Kf4 Ra6 61. Kg5 Ra5 62. Kf4 Kf7 63. h5 gxh5 64. gxh5 Ke6 65. h6 Ra7 66. Kg5 Kxe5 67. Kg6 Ra6+ 68. Kg7 Ra7+ 69. Kg6 Ra6+ 70. Kg5 Ra7 71. Kg6 1/2-1/2


[Site "https://www.chess.com"]

[Event "Titled Tuesday Blitz July 6 2021"]
[White "Andreikin, Dmitry"]
[Black "Priasmoro, Novendra"]
[WhiteFideId "4158814"]
[BlackFideId "7105029"]
[WhiteElo "2782"]
[BlackElo "2309"]
[Result "1-0"]
[Round "10"]
[TimeControl "180+1"]
[Date "2021.07.06"]
[WhiteClock "0:00:46"]
[BlackClock "0:00:28"]

1. e4 c5 2. Nf3 Nc6 3. Nc3 g6 4. d4 cxd4 5. Nxd4 Bg7 6. Be3 Nf6 7. Bc4 O-O 8. Bb3 d6 9. h3 Bd7 10. O-O Nxd4 11. Bxd4 Bc6 12. Re1 Nd7 13. Bxg7 Kxg7 14. Qd2 a5 15. a3 Nc5 16. Ba2 Qb6 17. Rab1 Rfd8 18. h4 h6 19. h5 g5 20. Nd5 Bxd5 21. exd5 Re8 22. Qd4+ Kg8 23. Qg4 Rad8 24. Bc4 Nd7 25. Bd3 Nf6 26. Qf5 Qd4 27. Bb5 Rf8 28. Rxe7 Nxd5 29. Bd3 Nf6 30. Rbe1 Qxb2 31. R1e6 Rde8 32. Rxf6 Qc1+ 33. Kh2 Qf4+ 34. Qxf4 1-0


[Site "https://www.chess.com"]

[Event "Titled Tuesday Blitz July 6 2021"]
[White "Bach, Matthias"]
[Black "deribas12345"]
[WhiteFideId "4603168"]
[WhiteElo "2213"]
[BlackElo "2529"]
[Result "1-0"]
[Round "10"]
[TimeControl "180+1"]
[Date "2021.07.06"]
[WhiteClock "0:00:24"]
[BlackClock "0:00:19"]

1. d4 Nf6 2. c4 c5 3. d5 b5 4. a4 b4 5. g3 d6 6. Bg2 g6 7. b3 Bg7 8. Bb2 Nh5 9. Bxg7 Nxg7 10. e4 O-O 11. f4 e5 12. fxe5 dxe5 13. Nf3 f5 14. Nbd2 fxe4 15. Nxe4 Bf5 16. Qe2 Nd7 17. O-O Bg4 18. Qe3 Nf5 19. Qg5 Bxf3 20. Qxd8 Raxd8 21. Bxf3 Nd4 22. Bg4 Nxb3 23. Bxd7 Rxd7 24. Rab1 Rxf1+ 25. Kxf1 Rf7+ 26. Kg2 Nd4 27. Nxc5 a5 28. Ne4 Nf5 29. Rb3 Nd4 30. Rb1 Nc2 31. Rb3 Ne1+ 32. Kh3 Kf8 33. c5 Ke7 34. c6 Rf3 35. d6+ Ke6 36. c7 Kd7 37. Nc5+ Kc8 38. Rxf3 Nxf3 39. Nb3 Nd4 40. Nxa5 b3 41. Nc4 Kb7 42. Nb6 b2 43. c8=Q+ Kxb6 44. Qb8+ Kc5 45. Qxb2 Kxd6 46. a5 Kd5 47. a6 e4 48. a7 1-0


[Site "https://www.chess.com"]

[Event "Titled Tuesday Blitz July 6 2021"]
[White "Baskin, Robert"]
[Black "Ezat, Mohamed"]
[WhiteFideId "24662402"]
[BlackFideId "10600906"]
[WhiteElo "2462"]
[BlackElo "2414"]
[Result "0-1"]
[Round "10"]
[TimeControl "180+1"]
[Date "2021.07.06"]
[WhiteClock "0:00:01"]
[BlackClock "0:01:09"]

1. d4 Nf6 2. c4 g6 3. Nc3 Bg7 4. e4 d6 5. Be2 O-O 6. Bg5 c5 7. dxc5 Qa5 8. Bd2 Qxc5 9. Nf3 Nc6 10. O-O Bg4 11. Be3 Qb4 12. a3 Qa5 13. b4 Qd8 14. Nd2 Bxe2 15. Qxe2 Nd7 16. Rac1 a5 17. b5 Nd4 18. Qd1 Nc5 19. f3 a4 20. Nd5 e6 21. Nb4 f5 22. Nb1 Ncb3 23. exf5 gxf5 24. Rc3 Qh4 25. Rd3 Rac8 26. Nd2 Be5 27. f4 Bg7 28. Nxb3 Nxb3 29. Rxd6 Rxc4 30. Rxe6 Nd4 31. Qd3 Rfc8 32. Rd6 Nxb5 33. Qd5+ Kh8 34. Qxb5 Qe7 35. Rd3 Qe4 36. Qd5 Rc3 37. Qxe4 fxe4 38. Rxc3 Rxc3 39. Nd5 Rxa3 40. Rc1 Ra1 41. Rxa1 Bxa1 42. f5 a3 43. f6 Be5 44. Nb4 Bxf6 45. Kf2 Kg7 46. Kg3 Be5+ 47. Kg4 Bd6 48. Na2 b5 49. Kf5 b4 50. Kxe4 b3 51. Bd4+ Kg6 52. Nc3 b2 53. Kd3 a2 54. Kc2 a1=Q 55. Nb1 Qa4+ 0-1


[Site "https://www.chess.com"]

[Event "Titled Tuesday Blitz July 6 2021"]
[White "Bilych, Olexiy"]
[Black "Saravana, Krishnan P."]
[WhiteFideId "14156504"]
[BlackFideId "5018382"]
[WhiteElo "2246"]
[BlackElo "2245"]
[Result "1-0"]
[Round "10"]
[TimeControl "180+1"]
[Date "2021.07.06"]
[WhiteClock "0:00:32"]
[BlackClock "0:00:18"]

1. c4 e5 2. Nc3 Nf6 3. g3 Bc5 4. Bg2 O-O 5. e3 d6 6. Nge2 c6 7. d4 Bb6 8. O-O Qe7 9. Qc2 Re8 10. Bd2 Nbd7 11. Rae1 Nf8 12. b3 Ng6 13. f4 h5 14. h3 h4 15. g4 Nh7 16. f5 Ngf8 17. Na4 Bc7 18. e4 exd4 19. Nxd4 Nd7 20. Bf4 Ne5 21. Nc3 Ng5 22. Qd2 f6 23. Kh1 Bd7 24. Rd1 Nef7 25. Qf2 Bb6 26. Qxh4 Ba5 27. Nde2 Rad8 28. Qg3 d5 29. cxd5 cxd5 30. Nxd5 Qa3 31. Nec3 Bc6 32. h4 Nxe4 33. Nxe4 Bxd5 34. Nxf6+ gxf6 35. Rxd5 Rxd5 36. Bxd5 Qxa2 37. g5 Kf8 38. gxf6 1-0


[Site "https://www.chess.com"]

[Event "Titled Tuesday Blitz July 6 2021"]
[White "Bluebaum, Matthias"]
[Black "Grischuk, Alexander"]
[WhiteFideId "24651516"]
[BlackFideId "4126025"]
[WhiteElo "2685"]
[BlackElo "2765"]
[Result "1/2-1/2"]
[Round "10"]
[TimeControl "180+1"]
[Date "2021.07.06"]
[WhiteClock "0:00:17"]
[BlackClock "0:00:04"]

1. d4 Nf6 2. c4 e6 3. Nc3 Bb4 4. e3 O-O 5. Bd2 d5 6. Nf3 Be7 7. Rc1 Nbd7 8. Qc2 a6 9. e4 dxe4 10. Nxe4 Nxe4 11. Qxe4 c5 12. Bc3 cxd4 13. Nxd4 Nc5 14. Qc2 e5 15. Nf5 Bg5 16. Rd1 Qf6 17. Ng3 Qc6 18. b4 Ne6 19. Qe4 Nd4 20. Bd3 f5 21. Qxc6 Nxc6 22. O-O e4 23. Bc2 Be6 24. Bb3 Rad8 25. a4 g6 26. b5 axb5 27. axb5 Nb8 28. Ba5 Rxd1 29. Rxd1 Rc8 30. Ne2 Bxc4 31. Bxc4+ Rxc4 32. Bd8 Bh6 33. Bf6 Rc8 34. h4 Bf8 35. Nf4 Kf7 36. Be5 Ke8 37. Nd5 Nd7 38. Nc7+ Ke7 39. Bf4 Nc5 40. Nd5+ Kf7 41. Nb6 Re8 42. Nc4 Nd3 43. Bc7 Bc5 44. Kf1 Ke6 45. b6 Bd4 46. Na5 Kd5 47. Nxb7 Bxb6 48. Bxb6 Kc6 49. Nc5 Nxc5 50. Bxc5 Kxc5 51. Rd7 h5 52. Ke2 f4 53. Rf7 Kd4 54. Rxf4 Ke5 55. Rf7 Ra8 56. g3 Ra2+ 57. Kf1 Ke6 58. Rf8 Rb2 59. Rf4 Ke5 60. Rf8 Ke6 61. Ke1 Ra2 62. Kf1 Rb2 1/2-1/2


[Site "https://www.chess.com"]

[Event "Titled Tuesday Blitz July 6 2021"]
[White "Buscar, Michael"]
[Black "Shuvalov, Evgenij"]
[WhiteFideId "2603616"]
[BlackFideId "4187237"]
[WhiteElo "2010"]
[BlackElo "2163"]
[Result "1-0"]
[Round "10"]
[TimeControl "180+1"]
[Date "2021.07.06"]
[WhiteClock "0:00:42"]
[BlackClock "0:00:44"]

1. d4 b5 2. g3 Bb7 3. Nf3 e5 4. c3 e4 5. Ng1 e3 6. f3 Qe7 7. Qd3 b4 8. Qxe3 Nf6 9. Qxe7+ Bxe7 10. e4 c5 11. Bd3 cxd4 12. cxd4 Nc6 13. Ne2 O-O 14. Be3 a5 15. Nd2 Rfc8 16. Kf2 h6 17. Rhc1 a4 18. Nc4 Ba6 19. d5 Bxc4 20. Bxc4 Ne5 21. Bb5 Rcb8 22. Nd4 a3 23. b3 Rc8 24. Be2 Bc5 25. Nf5 Bxe3+ 26. Kxe3 Ne8 27. Ne7+ Kf8 28. Nxc8 g5 29. Nb6 Rb8 30. Nc4 Ng6 31. f4 d6 32. Bh5 Ke7 33. Bxg6 fxg6 34. e5 gxf4+ 35. gxf4 g5 36. exd6+ Nxd6 37. Nxd6 Kxd6 38. Rc6+ Kxd5 39. Rxh6 Re8+ 40. Kf3 Rf8 41. Rd1+ Kc5 42. Rh5 Rxf4+ 43. Kg3 Re4 44. Rxg5+ Kc6 45. Rd2 Re1 46. h4 Rb1 47. Rg6+ Kc5 48. Rg8 Rb2 49. Rc8+ Kb6 50. Rcc2 Rb1 51. h5 Rg1+ 52. Rg2 Rh1 53. Rh2 Rg1+ 54. Rcg2 Rf1 55. h6 Rf8 56. h7 Rh8 57. Kf3 Kc5 58. Rg8 1-0


[Site "https://www.chess.com"]